 Dungeon Crawl Stone Soup version 0.30-a0-718-geaa24f58ff (webtiles) character file.

Game seed: 12313764872785168201

19 voltaire321 the Insei (level 2, 0/18 HPs)
             Began as an Octopode Transmuter on Jan 25, 2023.
             Slain by a gnoll
             ... wielding a +0 flail
              (10 damage)
             ... on level 1 of the Dungeon.
             The game lasted 00:01:21 (337 turns).

voltaire321 the Insei (Octopode Transmuter)          Turns: 337, Time: 00:01:22

Health: 0/18       AC:  1    Str:  9    XL:     2   Next: 75%
Magic:  5/5        EV: 13    Int: 15    God:
Gold:   15         SH:  0    Dex: 12    Spells: 4/5 levels left

rFire   . . .      SeeInvis .      - Unarmed
rCold   + . .      Faith    .    (no shield)
rNeg    . . .      Spirit   .    (helmet currently unavailable)
rPois   .          Reflect  .    (no amulet)
rElec   .          Harm     .    b - ring of protection from cold
rCorr   .          Rampage  .    (no ring)
Will    .....                    (no ring)
Stlth   ++                       (no ring)
HPRegen 0.23/turn                (no ring)
MPRegen 0.09/turn                (no ring)
                                 (no ring)
                                 (no ring)

@: appendages (expiring)
A: tentacle spike 3, almost no armour, amphibious, 8 rings, camouflage 1,
gelatinous body 1, (nimble swimmer 1), tentacles
a: End Transformation


You were on level 1 of the Dungeon.
One of your tentacles had grown a beastly spike.
You visited 1 branch of the dungeon, and saw 1 of its levels.

You collected 15 gold pieces.

Inventory:

Jewellery
 b - a ring of protection from cold (left tentacle)
Scrolls
 d - a scroll of identify {unknown}
 h - a scroll of acquirement {unknown}
Potions
 a - a potion of lignification
 c - a potion of degeneration {unknown}
 e - a potion of curing {unknown}
 f - a potion of might {unknown}
 g - a potion of mutation {unknown}


   Skills:
 + Level 1.4 Fighting
 + Level 2.2 Dodging
 + Level 3.2 Unarmed Combat
 + Level 2.2 Spellcasting
 + Level 2.2 Transmutations


You had 4 spell levels left.
You knew the following spells:

 Your Spells              Type           Power      Damage    Failure   Level
a - Beastly Appendage     Tmut           16%        N/A       9%          1

Your spell library contained the following spells:

 Spells                   Type           Power      Damage    Failure   Level
 Wereblood                Tmut           8%         N/A       13%         2
 Apportation              Tloc           2%         N/A       22%         1
 Spider Form              Tmut/Pois      5%         N/A       38%         3
 Ice Form                 Ice/Tmut       5%         N/A       80%         4
 Alistair's Intoxication  Tmut/Pois      3%         N/A       98%         5


Dungeon Overview and Level Annotations

Branches:
Dungeon (1/15)

Altars:


Innate Abilities, Weirdness & Mutations

One of your tentacles has grown a beastly spike.
You cannot wear most types of armour.
You are amphibious.
You can wear up to eight rings at the same time.
Your skin changes colour to match your surroundings (Stealth+).
Your rubbery body absorbs attacks. (AC +1, EV +1)
((You are camouflaged when in or above water. (Stealth+)))
You have tentacles for arms and can constrict up to eight enemies at once.


Message History

You tentacle-slap the quokka. Your grab misses the quokka.
You pierce the quokka, but do no damage.
The quokka is almost dead.
The quokka closely misses you.
You tentacle-slap the quokka.
You kill the quokka!
You tentacle-slap the endoplasm.
You kill the endoplasm!
You see here a quokka corpse.
Your transformation is almost over.
Your tentacle spike disappears.
The dart slug launches a dart at you. The slug dart hits you.
You tentacle-slap the dart slug. You grab the dart slug.
The dart slug is heavily wounded.
You constrict the dart slug. You tentacle-slap the dart slug.
You kill the dart slug!
The gnoll shouts!
Casting: Beastly Appendage (safe; 9% risk of failure)
Confirm with . or Enter, or press ? or * to list all spells.
One of your tentacles grows a vicious spike.
An endoplasm comes into view.
The quokka attacks as you move away! The quokka bites you.
Your transformation is almost over.
The quokka closely misses you.
You closely miss the quokka. Your grab misses the quokka. The quokka bites you.
You barely miss the quokka. Your grab misses the quokka.
Your tentacle spike misses the quokka.
The quokka misses you.
You tentacle-slap the quokka. You grab the quokka.
You pierce the quokka, but do no damage.
You squeeze the quokka.
You kill the quokka!
The gnoll hits you with a +0 flail.
You tentacle-slap the gnoll. You grab the gnoll.
You pierce the gnoll, but do no damage.
The gnoll is moderately wounded.
You constrict the gnoll. The gnoll hits you with a +0 flail!
Ouch! That really hurt!
You die...

...#.##......##.##.†...........
...............................
...##.....##.....#............#
...######..#.#.#.......g......#
...# ##.#...##...g.#..##...# ...#
.#..##....####......# ...# .#
#....## ###.... ..#####
#########...### #...#
#.....####......@g.#...####.#.#.#
#........###.##....###...##.#.#..
#......#...#.##....# ###†##.#.#⌠.
#......#.<.#.......## #.#.....##
#...##.#...#........####.........
....##.###........#....#.........
.........####.....###.....#......
..###############.###...###.)....
......# #.........##.#.# #......


You could see a gnoll.

Vanquished Creatures
  A dart slug (D:1)
  3 ball pythons (D:1)
  2 endoplasms (D:1)
  A giant cockroach (D:1)
  A hobgoblin (D:1)
  A kobold (D:1)
  2 quokkas (D:1)
  A frilled lizard (D:1)
  2 goblins (D:1)
  A rat (D:1)
15 creatures vanquished.

Notes
Turn   | Place    | Note
-------+----------+-------------------------------------------
     0 | D:1      | voltaire321 the Octopode Transmuter began the quest for the
                  | Orb.
     0 | D:1      | Reached XP level 1. HP: 13/13 MP: 3/3
   151 | D:1      | Reached XP level 2. HP: 18/18 MP: 3/5
   337 | D:1      | Slain by a gnoll

Illustrated notes

Levels and vault maps discovered:
D:1:      amcnicky_arrival_double_pillar, layout_rooms, roderic_three_in_a_row

Action                     || total
---------------------------++-------
  Melee: Unarmed           ||    32
         Constrict         ||    11
         Tentacles         ||     6
         Kick              ||     8
         Punch             ||     1
   Cast: Beastly Appendage ||     9
   Stab: Sleeping          ||     4
 Armour: Skin              ||     2
  Dodge: Dodged            ||    24

Table legend: (Time is in decaauts)
 A = Elapsed time spent in this place.
 B = Non-inter-level travel time spent in this place.
 C = Inter-level travel time spent in this place.
 D = Time resting spent in this place.
 E = Time spent auto-exploring this place.
 F = Levels seen in this place.
 G = Mean time per level.
                   A        B        C        D        E       F      G
               +--------+--------+--------+--------+--------+-----+--------+
         Total |    334 |    334 |      0 |      0 |    179 |   1 |  334.0 |
       Dungeon |    334 |    334 |      0 |      0 |    179 |   1 |  334.0 |
               +--------+--------+--------+--------+--------+-----+--------+

Top non-repeatable levels by time:
     D:1: 334 daAuts
